 Dungeon Crawl Stone Soup version 0.30-a0-395-gfe72c296f8 (webtiles) character file.

Game seed: 10052617688997044716

1984 spyp the Skirmisher (level 9, -2/46 HPs)
             Began as a Spriggan Hunter on Dec 7, 2022.
             Was a Believer of Okawaru.
             Slain by an ice beast (13 damage)
             ... on level 6 of the Dungeon.
             The game lasted 00:15:07 (5051 turns).

spyp the Skirmisher (Spriggan Hunter)               Turns: 5051, Time: 00:15:07

Health: -2/46      AC:  9    Str:  7    XL:     9   Next: 1%
Magic:  8/10       EV: 21    Int: 11    God:    Okawaru [**....]
Gold:   319        SH:  0    Dex: 22    Spells: 8/8 levels left

rFire   . . .      SeeInvis +    a - +0 shortbow
rCold   . . .      Faith    .    (shield currently unavailable)
rNeg    . . .      Spirit   .    x - +1 swamp dragon scales
rPois   +          Reflect  .    (helmet restricted)
rElec   .          Harm     .    (no cloak)
rCorr   .          Rampage  .    (gloves unavailable)
Will    +....                    (boots unavailable)
Stlth   +++.......               (no amulet)
HPRegen 0.27/turn                q - ring of poison resistance
MPRegen 0.12/turn                (no ring)

@: heroic, very quick
A: very small, no large weapons, unfitting armour, see invisible, speed 3
a: Renounce Religion, Heroism


You were on level 6 of the Dungeon.
You worshipped Okawaru.
Okawaru was pleased with you.
You visited 2 branches of the dungeon, and saw 7 of its levels.

You collected 319 gold pieces.

Inventory:

Hand Weapons
 a - a +0 shortbow (weapon)
 p - the +1 whip "Yguphunu" {chaos, Contam rF+ Dex+6}
   (You found it on level 3 of the Dungeon)

   Each time it hits an enemy it has a different, random effect.
   Dex:       It affects your dexterity (+6).
   rF:        It protects you from fire.
   Contam:    It causes magical contamination when unequipped.
Missiles
 r - a throwing net
Armour
 x - +1 swamp dragon scales (worn)
Jewellery
 q - a ring of poison resistance (left hand)
Wands
 c - a wand of iceblast (10)
 m - a wand of charming (10)
 t - a wand of digging (5)
Scrolls
 b - 2 scrolls of immolation
 d - a scroll of enchant weapon {unknown}
 e - 2 scrolls of noise {unknown}
 f - 2 scrolls of identify {unknown}
 l - a scroll of fear {unknown}
 n - 2 scrolls of teleportation {unknown}
 y - a scroll of amnesia {unknown}
Potions
 g - 2 potions of magic {unknown}
 h - 4 potions of curing
 i - a potion of resistance {unknown}
 j - a potion of lignification {unknown}
 k - 2 potions of degeneration {unknown}
 o - 2 potions of heal wounds {unknown}
 s - a potion of flight {unknown}
 u - a potion of haste {unknown}
 v - 2 potions of cancellation {unknown}
 w - 2 potions of berserk rage {unknown}


   Skills:
 + Level 4.6(9.6) Fighting
 + Level 10.8(15.8) Ranged Weapons
 + Level 0.2(5.2) Armour
 + Level 4.7(9.7) Dodging
 + Level 2.2(7.2) Stealth


You had 8 spell levels left.
You didn't know any spells.
Your spell library contained the following spells:

 Spells                   Type           Power      Damage    Failure   Level
 Freeze                   Ice            0%         1d3       71%         1
 Cigotuvi's Dreadful Rot  Necr/Pois/Air  0%         N/A       85%         2
 Ensorcelled Hibernation  Hex/Ice        0%         N/A       85%         2
 Passwall                 Tmut/Erth      0%         N/A       85%         2
 Poisonous Vapours        Pois/Air       0%         N/A       85%         2
 Frozen Ramparts          Ice            0%         1d1       97%         3
 Hailstorm                Conj/Ice       0%         3d3       97%         3
 Mephitic Cloud           Conj/Pois/Air  0%         N/A       97%         3
 Swiftness                Air            0%         N/A       97%         3


Dungeon Overview and Level Annotations

Branches:
Dungeon (6/15)             Temple (1/1) D:4

Altars:
Ashenzari
Cheibriados
Dithmenos
Elyvilon
Gozag
Hepliaklqana
Kikubaaqudgha
Makhleb
Okawaru
Qazlal
Ru
Sif Muna
Trog
Uskayaw
Vehumet
Wu Jian
Xom
Yredelemnul
Zin

Shops:
D:4 =

Annotations:
D:3 2 runed translucent doors


Innate Abilities, Weirdness & Mutations

You are very small and have problems with some larger weapons.
You are too small for most types of armour.
You have supernaturally acute eyesight. (SInv)
You cover ground extremely quickly. (Speed+++)


Message History

The ice beast is moderately wounded.
The ice beast closely misses you.
You shoot an arrow.
The arrow hits the ice beast but does no damage.
The ice beast is moderately wounded.
The ice beast hits you. The ice beast freezes you!
You shoot an arrow. The arrow hits the ice beast!
The ice beast is heavily wounded.
The ice beast hits you but does no damage.
You shoot an arrow. The arrow closely misses the ice beast.
The ice beast barely misses you.
You shoot an arrow. The arrow hits the ice beast!
The ice beast is severely wounded.
The ice beast hits you. The ice beast freezes you!
You shoot an arrow. The arrow closely misses the ice beast.
The ice beast hits you. The ice beast freezes you!
* * * LOW HITPOINT WARNING * * *
You gain the combat prowess of a mighty hero.
The ice beast closely misses you.
Fire: a) +0 shortbow
Press: ? - help, Q - select action, (/) - cycle Shift-Dir - straight line, f/p - ice beast
Aim: an ice beast (severely wounded, 73% to hit)
You shoot an arrow. The arrow closely misses the ice beast.
The ice beast hits you but does no damage.
Unknown command.
Fire: a) +0 shortbow
Press: ? - help, Q - select action, (/) - cycle Shift-Dir - straight line, f/p - ice beast
Aim: an ice beast (severely wounded, 73% to hit)
You shoot an arrow.
The arrow hits the ice beast but does no damage.
The ice beast is severely wounded.
Fire: a) +0 shortbow
Press: ? - help, Q - select action, (/) - cycle Shift-Dir - straight line, f/p - ice beast
Aim: an ice beast (severely wounded, 73% to hit)
You shoot an arrow. The arrow hits the ice beast.
The ice beast is almost dead.
The ice beast hits you.
* * * LOW HITPOINT WARNING * * *
The ice beast freezes you!
You die...

........#
#.#
#########
#[# #.#
#.# #.#
#.# #.#
#.# #@#
### #Y#
.. #.# #.
#.#
#.##.#
#....#
#...####
.....##
....


You could see an ice beast.

Vanquished Creatures
  An ugly thing (D:6)
  Maggie (D:5)
  Sigmund (D:4)
  Menkaure (D:4)
  A water moccasin (D:5)
  A black bear (D:5)
  An ogre (D:4)
  A centaur (D:5)
  A kobold brigand (D:3)
  Blork the orc (D:5)
  A bullfrog (D:6)
  2 scorpions (D:5)
  2 hounds
  An orc priest (D:5)
  An iguana (D:5)
  Natasha (thrice) (D:4)
  An orc wizard (D:5)
  Terence (D:2)
  Robin (D:3)
  5 adders
  An ufetubus (D:5)
  3 dart slugs
  2 orcs (D:5)
  8 ball pythons
  2 endoplasms
  3 giant cockroaches
  16 goblins
  16 hobgoblins
  15 kobolds
  6 quokkas
  3 frilled lizards
  5 rats
108 creatures vanquished.

Notes
Turn   | Place    | Note
-------+----------+-------------------------------------------
     0 | D:1      | spyp the Spriggan Hunter began the quest for the Orb.
     0 | D:1      | Reached XP level 1. HP: 10/10 MP: 2/2
    90 | D:1      | Reached XP level 2. HP: 14/14 MP: 3/3
   434 | D:1      | Found a faded altar of an unknown god.
   741 | D:2      | Reached XP level 3. HP: 14/18 MP: 4/4
   788 | D:2      | Reached skill level 5 in Ranged Weapons
  1107 | D:2      | Noticed Terence
  1125 | D:2      | Killed Terence
  1126 | D:2      | Reached XP level 4. HP: 23/23 MP: 5/5
  1247 | D:3      | Identified the +1 whip "Yguphunu" {chaos, Contam rF+ Dex+6}
  1295 | D:3      | Noticed Robin
  1307 | D:3      | Killed Robin
  1383 | D:3      | Reached skill level 6 in Ranged Weapons
  1484 | D:3      | Noticed a kobold brigand
  1492 | D:3      | Killed a kobold brigand
  1493 | D:3      | Reached XP level 5. HP: 18/26 MP: 6/6
  1595 | D:3      | Found a large runed translucent door.
  1596 | D:3      | Found a large runed translucent door.
  2076 | D:4      | Noticed Sigmund
  2271 | D:4      | Noticed Natasha
  2287 | D:4      | Killed Natasha
  2319 | D:4      | Found Jithriot's Jewellery Shoppe.
  2412 | D:4      | Noticed Menkaure
  2423 | D:4      | Killed Menkaure
  2424 | D:4      | Reached skill level 7 in Ranged Weapons
  2424 | D:4      | Reached XP level 6. HP: 6/32 MP: 7/7
  2558 | D:4      | Found a staircase to the Ecumenical Temple.
  2683 | Temple   | Entered the Ecumenical Temple
  2736 | Temple   | Became a worshipper of Warmaster Okawaru
  2756 | D:4      | Noticed Natasha
  2764 | D:4      | Killed Natasha
  2819 | D:4      | Noticed Natasha
  2827 | D:4      | Killed Natasha
  2828 | D:4      | Reached XP level 7. HP: 23/36 MP: 8/8
  2993 | D:4      | Found a bloodstained altar of Trog.
  3240 | D:4      | Killed Sigmund
  3241 | D:4      | Reached skill level 8 in Ranged Weapons
  3542 | D:5      | Entered Level 5 of the Dungeon
  3561 | D:5      | Noticed Blork the orc
  3564 | D:5      | Killed Blork the orc
  4148 | D:5      | Reached * piety under Okawaru
  4149 | D:5      | Reached skill level 9 in Ranged Weapons
  4149 | D:5      | Reached XP level 8. HP: 36/42 MP: 9/9
  4388 | D:6      | Noticed Maggie
  4520 | D:5      | Killed Maggie
  4521 | D:5      | Reached skill level 10 in Ranged Weapons
  4827 | D:6      | Noticed a brown ugly thing
  4878 | D:6      | Killed a brown ugly thing
  4878 | D:6      | Reached ** piety under Okawaru
  4879 | D:6      | Reached XP level 9. HP: 31/46 MP: 10/10
  4979 | D:6      | Found a shimmering blue altar of Sif Muna.
  4979 | D:6      | Found a sacrificial altar of Ru.
  5051 | D:6      | Slain by an ice beast

Illustrated notes

Levels and vault maps discovered:
D:1:      onia_arrival_handbag, layout_basic,
          shapermc_ecumenical_altar_mp_vishouse
D:2:      layout_rooms, uniq_terence
D:3:      cheibrodos_thug_alley, layout_basic, jmf_multi_god_temple2,
          dk_vineyard_2, minmay_goblin_outpost, uniq_robin
D:4:      layout_loops_corners, bloody_trog, minmay_temple_entry_waves,
          kennysheep_windowed_goal, uniq_sigmund, uniq_menkaure, uniq_natasha
D:5:      layout_gridville, nicolae_underground_beach, uniq_blork_the_orc
D:6:      layout_basic, gammafunk_temple_overflow_elements, minmay_holes,
          minmay_misc_feat_tiny, hangedman_abyss_or_decor_jellyfish_corner,
          uniq_maggie
Temple:   nicolae_temple_x_marks_the_god

Skill      XL: |  1  2  3  4  5  6  7  8 |
---------------+-------------------------+-----
Ranged Weapons | 5 6 7 9 10 | 10.8
Fighting       | 2 3 4 |  4.6
Dodging        | 3 4 |  4.7
Stealth        | 2 |  2.2
Armour         | |  0.2

Action                   |  1- 3 |  4- 6 |  7- 9 || total
-------------------------+-------+-------+-------++-------
 Fire: Shortbow          |    77 |   175 |   147 ||   399
Invok: Heroism           |       |       |     1 ||     1
Armor: Robe              |     1 |     4 |     8 ||    13
       Swamp dragon scal |       |       |     7 ||     7
Dodge: Dodged            |    19 |    44 |    76 ||   139

Table legend: (Time is in decaauts)
 A = Elapsed time spent in this place.
 B = Non-inter-level travel time spent in this place.
 C = Inter-level travel time spent in this place.
 D = Time resting spent in this place.
 E = Time spent auto-exploring this place.
 F = Levels seen in this place.
 G = Mean time per level.
                   A        B        C        D        E       F      G
               +--------+--------+--------+--------+--------+-----+--------+
         Total |   3734 |   3592 |    142 |    208 |   2577 |   7 |  533.4 |
       Dungeon |   3695 |   3559 |    136 |    208 |   2551 |   6 |  615.8 |
        Temple |     39 |     33 |      6 |      0 |     26 |   1 |   39.0 |
               +--------+--------+--------+--------+--------+-----+--------+

Top non-repeatable levels by time:
     D:4: 1071 daAuts
     D:5: 726 daAuts
     D:3: 709 daAuts
     D:2: 460 daAuts
     D:1: 387 daAuts
     D:6: 339 daAuts
  Temple: 39 daAuts
